 Dungeon Crawl Stone Soup version 0.24-a0-180-g654ca03 (webtiles) character file.

Game seed: 4471736104121026573

261 CloudKeeper the Skirmisher (level 5, 0/42 HPs)
             Began as a Demonspawn Abyssal Knight on Mar 13, 2019.
             Was a Believer of Lugonu.
             Slain by an adder (1 damage)
             ... on level 3 of the Dungeon.
             The game lasted 00:15:38 (3364 turns).

CloudKeeper the Skirmisher (DsAK)                   Turns: 3364, Time: 00:15:38

Health: 0/42       AC:  5    Str: 13    XL:     5   Next: 96%
Magic:  6/6        EV: 12    Int: 14    God:    Lugonu [**....]
Gold:   219        SH:  0    Dex: 16    Spells: 3/4 levels left

rFire    + . .     SeeInvis .   a - +1 spear
rCold    x . .     Gourm    .   (no shield)
rNeg     . . .     Faith    .   b - +0 leather armour
rPois    .         Spirit   .   (no helmet)
rElec    .         Reflect  .   (no cloak)
rCorr    .         Harm     .   g - +0 pair of gloves (curse)
MR       .....                  e - +0 pair of boots
Stlth    ++........             k - amulet of rage
HPRegen  0.14/turn              p - +4 ring of dexterity
MPRegen  0.10/turn              r - ring of fire

@: lethally poisoned (0 -> -2)
A: talons 2
a: Depart the Abyss, Bend Space, Renounce Religion, Evoke Berserk Rage


You were on level 3 of the Dungeon.
You worshipped Lugonu.
Lugonu was pleased with you.
You were not hungry.

You visited 1 branch of the dungeon, and saw 4 of its levels.
You visited the Abyss 1 time.
You also visited: Sewer.

You collected 219 gold pieces.

Inventory:

Hand Weapons
 a - a +1 spear (weapon)
Armour
 b - a +0 leather armour (worn)
 e - a +0 pair of boots (worn)
 g - a cursed +0 pair of gloves (worn)
Jewellery
 k - an amulet of rage (around neck)
 p - a +4 ring of dexterity (left hand)
 r - a ring of fire (right hand)
Scrolls
 d - 5 scrolls of identify
 f - a scroll of noise
 i - 3 scrolls of teleportation
 j - a scroll of blinking {unknown}
 l - a scroll of random uselessness {unknown}
 o - 2 scrolls of immolation {unknown}
 q - a scroll of fear {unknown}
Potions
 h - 4 potions of curing
 m - a potion of brilliance {unknown}
 n - a potion of flight {unknown}
 s - a potion of lignification {unknown}
 t - a potion of berserk rage {unknown}
Comestibles
 c - 8 rations
 u - 2 chunks of flesh


   Skills:
 + Level 4.2 Fighting
 + Level 3.8 Polearms
 + Level 2.5 Armour
 + Level 2.0 Dodging
 + Level 0.8 Stealth
 + Level 2.5 Invocations
 + Level 0.8 Evocations


You had 3 spell levels left.
You knew the following spells:

 Your Spells              Type           Power        Failure   Level  Hunger
a - Magic Dart            Conj           #...         36%         1    ##.....

Your spell library contained the following spells:

 Spells                   Type           Power        Failure   Level  Hunger
 Blink                    Tloc           N/A          50%         2    ###....
 Call Imp                 Summ           #.......     50%         2    ###....
 Slow                     Hex            #.......     50%         2    ###....
 Conjure Flame            Conj/Fire      #.......     73%         3    ####...
 Mephitic Cloud           Conj/Pois/Air  #.......     73%         3    ####...


Dungeon Overview and Level Annotations

Branches:
Dungeon (4/15)
 Temple: D:4-7

Altars:
Fedhas
Nemelex Xobeh
Wu Jian


Innate Abilities, Weirdness & Mutations

You have razor-sharp toenails.


Message History

You climb upwards.
There is a stone staircase leading down here.
You hit the iguana.
The iguana is moderately wounded.
The adder bites you.
You are poisoned.
The adder poisons you! The iguana misses you.
You hit the iguana but do no damage.
The iguana is moderately wounded.
You feel sick. The adder bites you but does no damage. The iguana bites you.
You fail to use your ability.
The adder bites you. The iguana bites you!
* * * LOW HITPOINT WARNING * * *
The adder bites you but does no damage.
You fail to use your ability.
You feel sick. The adder misses you. The iguana barely misses you.
You fail to use your ability.
The adder misses you. The iguana bites you!
* * * LOW HITPOINT WARNING * * *
* * * LOW HITPOINT WARNING * * *
You feel sick. The adder bites you.
You die...

#...)....# #...#...##......#
#........#####...##..........#
#...................###....(.#
#.....>..#####...#### #......#
#........# #...# #......#
#........# #...# #......#
#........# #...# ########
#........# #..S# ##########
#.l@# #####


You could see an iguana and an adder.

Vanquished Creatures
  A crocodile (Sewer)
  Natasha (twice) (D:2)
  5 adders
  An ooze (D:2)
  5 worms
  5 orcs (D:3)
  11 bats
  5 giant cockroaches
  6 goblins
  4 hobgoblins
  3 jackals (D:3)
  3 quokkas
  A ball python (D:3)
  4 frilled lizards
  4 kobolds
  7 rats
67 creatures vanquished.

Notes
Turn   | Place    | Note
-------+----------+-------------------------------------------
     0 | Abyss:1  | CloudKeeper the Demonspawn Abyssal Knight began the quest
                  | for the Orb.
     0 | Abyss:1  | Reached XP level 1. HP: 18/18 MP: 2/2
    46 | Abyss:1  | Noticed a starcursed mass
    51 | D:1      | Escaped the Abyss
   435 | D:1      | Reached * piety under Lugonu
   456 | D:1      | Gained mutation: You have sharp toenails. [demonic
                  | ancestry]
   456 | D:1      | Reached XP level 2. HP: 23/24 MP: 3/3
   945 | D:2      | Reached skill level 1 in Dodging
   945 | D:2      | Reached XP level 3. HP: 7/30 MP: 4/4
  1672 | D:2      | Found a blossoming altar of Fedhas.
  1675 | D:2      | Noticed Natasha
  1683 | D:2      | Killed Natasha
  1683 | D:2      | Gained mutation: You have razor-sharp toenails. [demonic
                  | ancestry]
  1683 | D:2      | Reached XP level 4. HP: 37/37 MP: 5/5
  1705 | D:2      | Noticed Natasha
  2221 | D:2      | Killed Natasha
  2221 | D:2      | Reached skill level 4 in Fighting
  2413 | D:3      | Found an ornate altar of the Wu Jian Council.
  2607 | D:3      | Reached XP level 5. HP: 40/42 MP: 6/6
  2619 | D:3      | Reached ** piety under Lugonu
  2657 | D:3      | Found a sparkling altar of Nemelex Xobeh.
  2717 | D:3      | HP: 2/63 [adder (5)]
  3034 | D:3      | Found a glowing drain.
  3048 | D:3      | Learned a level 1 spell: Magic Dart
  3057 | Sewer    | Entered a sewer
  3103 | Sewer    | Noticed a crocodile
  3143 | Sewer    | Killed a crocodile
  3363 | D:3      | HP: 2/42 [iguana (9)]
  3364 | D:3      | Slain by an adder

Levels and vault maps discovered:
D:1:      wheals_arrival_shading, layout_rooms, chequers_hall_statues_corner_a,
          chequers_jeans
D:2:      layout_basic, fedhas_altar_2, uniq_natasha
D:3:      layout_rooms, lemuel_coloured_pillars_altar,
          cheibrodos_sewer_entry_bend, minmay_misc_feat_diagonals,
          minmay_misc_feat_chi, lemuel_altar_in_water
D:4:      layout_basic, led_sif_book, minmay_temple_entry_overgrown,
          first_ration, nicolae_dithmenos_the_darkroom, uniq_blork_the_orc
Abyss:1
Sewer:    sewer_big_baddie

Skill      XL: |  1  2  3  4  5 |
---------------+----------------+-----
Polearms       | 2 3 |  3.8
Dodging        | 1 2 |  2.0
Armour         | 2 |  2.5
Fighting       | 4 |  4.2
Stealth        | |  0.8
Invocations    | |  2.5
Evocations     | |  0.8

Action                   |  1- 3 |  4- 6 || total
-------------------------+-------+-------++-------
Melee: Spear             |   141 |   198 ||   339
Invok: Depart the Abyss  |     1 |       ||     1
 Abil: Evoke Berserk Rag |     1 |     4 ||     5
  Use: Potion            |     2 |     1 ||     3
       Scroll            |       |     2 ||     2
 Stab: Invisible         |     1 |       ||     1
       Sleeping          |       |     1 ||     1
  Eat: Chunk             |     3 |    10 ||    13
Armor: Leather armour    |    47 |   104 ||   151
Dodge: Dodged            |    86 |   149 ||   235

Table legend:
 A = Non-vault XP
 B = Vault XP
 C = Vault XP percentage of total XP
 D = Non-vault monster count
 E = Vault monster count
 F = Vault count percentage of total count
                 A         B        C        D         E       F
            +---------+---------+-------+---------+---------+-------
      Total |     210 |     164 |  43.9 |      58 |       9 |  13.4
            +---------+---------+-------+---------+---------+-------
        D:1 |      15 |       0 |   0.0 |      10 |       0 |   0.0
        D:2 |     120 |      35 |  22.6 |      22 |       1 |   4.3
        D:3 |      75 |      10 |  11.8 |      26 |       2 |   7.1
      Sewer |       0 |     119 | 100.0 |       0 |       6 | 100.0
            +---------+---------+-------+---------+---------+-------
